 Dungeon Crawl Stone Soup version 0.18-a0-1539-g1c7284a (webtiles) character file.

52 GrosslyIncandescent the Insei (level 3, -3/29 HPs)
             Began as a Mummy Monk on Mar 9, 2016.
             Slain by a goblin
             ... wielding a +2 dagger of speed
              (4 damage)
             ... on level 2 of the Dungeon.
             The game lasted 00:01:21 (1478 turns).

GrosslyIncandescent the Insei (Mummy Monk)          Turns: 1478, Time: 00:01:21

Health: -3/29      AC:  1    Str: 14    XL:     3   Next: 60%
Magic:  8/12       EV: 13    Int:  9    God:
Gold:   68         SH:  0    Dex: 15    Spells: 0 memorised, 2 levels left

rFire  x . .     SeeInvis .       - Unarmed
rCold  + + .     Gourm    .     (no armour)
rNeg   + + +     Faith    .     (no shield)
rPois  ∞         Spirit   .     (no helmet)
rElec  .         Dismiss  .     (no cloak)
rCorr  .         Reflect  .     j - +0 pair of gloves
SustAt .         Harm     .     (no boots)
MR     .....                    (no amulet)
Stlth  ++........               d - ring of magical power
                                b - ring of protection from cold

@: not resistant to hostile enchantments, unstealthy
A: no food or potions, fire vulnerability, cold resistance 1, negative energy
resistance 3, torment resistance, unbreathing
a: no special abilities


You were on level 2 of the Dungeon.
You were not hungry.

You visited 1 branch of the dungeon, and saw 2 of its levels.

You collected 68 gold pieces.


Innate Abilities, Weirdness & Mutations

You do not eat or drink.
Your flesh is vulnerable to fire.
You are immune to poison.
Your flesh is cold resistant.
You are immune to negative energy.
You are immune to unholy pain and torment.
You can survive without breathing.


   Skills:
 - Level 3.0 Fighting
 - Level 2.4 Dodging
 - Level 1.5 Stealth
 + Level 4.4 Unarmed Combat


You had 2 spell levels left.
You didn't know any spells.

Inventory:

Armour
 j - a +0 pair of gloves (worn)
Jewellery
 b - a ring of protection from cold (left hand)
 d - a ring of magical power (right hand)
Scrolls
 a - a scroll of fog {unknown}
 c - a scroll of enchant armour {unknown}
 e - a scroll of teleportation {@r4}
 f - a scroll of enchant weapon
 g - a scroll of noise {unknown}
 h - a scroll of fear
 i - a scroll of amnesia {unknown}

Dungeon Overview and Level Annotations

Branches:
Dungeon (2/15)

Altars:

..............▒▒
▒▒▒▒▒...▒▒▒▒..▒ ▒
▒.........▒ ▒
▒...▒▒▒▒.▒▒ ▒ ▒...▒
▒.▒ ▒ ▒...▒ ▒(▒▒▒▒
▒...▒ ▒.....
▒▒▒▒▒▒▒▒▒.▒▒ ▒▒▒▒▒▒
▒▒.gM(.[..(▒ ▒
▒▒▒▒▒▒▒▒▒▒▒.▒.▒▒▒▒▒▒▒▒
▒ .8.8.8..▒▒.▒▒▒.r...▒
▒ ........▒g▒▒ ▒......
▒ g......(.▒▒ ▒g▒J▒▒ ▒
.g......▒.▒ ....£
.g......▒▒.. ▒.▒
........▒ ..▒ .▒
g8.8.8..▒ ▒▒ ▒


You could see a goblin.


Message History

You squash the ooze like an ant!
You annihilate the ooze!!!
The goblin shoots a stone!
The stone closely misses you!
You swing at nothing!
The goblin shoots a stone!
The stone barely misses you!
You swing at nothing!
The goblin shoots a stone!
The stone hits you! * * * don't die
* * * You swing at nothing!
You swing at nothing!
The goblin shoots a stone!
The stone hits you! * * * don't die
* * * The goblin unwields an uncursed hunting sling!
The goblin wields an uncursed dagger of speed!
The goblin hits you but does no damage!
Things that are here:
a club x2; a goblin corpse You miss the goblin!
The goblin hits you with an uncursed dagger of speed! * * * don't die
* * * You closely miss the goblin!
The goblin barely misses you! x2
You squash the goblin like an ant!
The goblin is heavily wounded!
The goblin hits you with an uncursed dagger of speed! * * * don't die
* * * You closely miss the goblin!
The goblin is moderately wounded!
The goblin hits you with an uncursed dagger of speed! * * * don't die
* * * You completely miss the goblin!
The goblin is moderately wounded!
The goblin hits you with an uncursed dagger of speed! rip

Action                   || total
-------------------------++-------
Melee: Unarmed           ||   120
  Use: Scroll            ||     3
 Stab: Sleeping          ||     4

Vault maps used:
D:1:      nicolae_arrival_somewhat_less_tricky_arrival, minmay_misc_feat_tiny
D:2:      kennysheep_the_goblin_king, first_bread

Notes
Turn   | Place    | Note
--------------------------------------------------------------
     0 | D:1      | GrosslyIncandescent the Mummy Monk began the quest for the Orb.
     0 | D:1      | Reached XP level 1. HP: 18/18 MP: 1/1
   376 | D:1      | Reached XP level 2. HP: 24/24 MP: 2/2
   825 | D:1      | Reached skill level 4 in Unarmed Combat
  1040 | D:2      | Reached XP level 3. HP: 22/29 MP: 3/3
  1477 | D:2      | HP: 1/29 [goblin/uncursed dagger of speed (6)]
  1478 | D:2      | Slain by a goblin

Vanquished Creatures
  An adder (D:2)
  An ooze (D:2)
  2 worms (D:2)
  2 dart slugs (D:1)
  A giant cockroach (D:1)
  6 goblins
  5 hobgoblins
  4 kobolds
  A quokka (D:2)
  A bat (D:1)
  3 rats
27 creatures vanquished.
